 Dungeon Crawl Stone Soup version 0.14-a0-1444-g21dc12d (webtiles) character file.

351 Ololoev the Caller (level 5, -1/35 HPs)
             Began as a Mummy Summoner on Dec 12, 2013.
             Hit by a throwing net [torn] thrown by a gnoll (3 damage)
             ... on Level 3 of the Dungeon.
             The game lasted 00:26:28 (7016 turns).

Ololoev the Caller (Mummy Summoner)                 Turns: 7016, Time: 00:26:29

HP  -1/35        AC  3     Str 11      XL: 5   Next: 41%
MP   6/9         EV  5     Int 15      God:
Gold 161         SH  0     Dex 12      Spells:  3 memorised,  2 levels left

rFire  . . .     SeeInvis .     a - +0 flail
rCold  . . .     Clarity  .     j - +0 leather armour
rNeg   + + +     Conserve .     (no shield)
rPois  +         rCorr    .     (no helmet)
rElec  .         rRot     +     (no cloak)
SustAb . .       Spirit   .     (no gloves)
rMut   .         Warding  .     (no boots)
Saprov . . .     Stasis   .     d - amulet of inaccuracy
                                (no ring)
                                h - ring of fire

@: held, slightly resistant to hostile enchantments, unstealthy
A: no food or potions, fire vulnerability, restore body, cold resistance 1, life
protection 3, poison resistance, torment resistance, unbreathing
a: no special abilities


You were on level 3 of the Dungeon.
You were not hungry.

You visited 1 branch of the dungeon, and saw 3 of its levels.
You also visited: Sewer.

You collected 161 gold pieces.

Inventory:

Hand weapons
 a - a +0,+0 flail (weapon)
Armour
 j - a +0 leather armour (worn)
Scrolls
 g - a scroll of remove curse
Jewellery
 d - an amulet of inaccuracy (around neck)
 h - a ring of fire (left hand)
Books
 b - a book of Callings

   Spells                             Type                      Level
   *Summon Small Mammal               Summoning                    1
   *Call Imp                          Summoning                    2
   *Call Canine Familiar              Summoning                    3
   Summon Scorpions                   Summoning/Poison             4
   Summon Ice Beast                   Ice/Summoning                4


   Skills:
 - Level 1.5 Dodging
 - Level 1.5 Stealth
 - Level 2.0 Spellcasting
 + Level 5.6 Summonings


You had 2 spell levels left.
You knew the following spells:

 Your Spells              Type           Power        Failure   Level  Hunger
a - Summon Small Mammal   Summ           ###.         1%          1    N/A
b - Call Imp              Summ           ###.......   3%          2    N/A
c - Call Canine Familiar  Summ           ###.......   10%         3    N/A

Dungeon Overview and Level Annotations

Branches:
Dungeon (3/16)

Altars:
Ashenzari
Cheibriados


Innate Abilities, Weirdness & Mutations

You do not eat or drink.
Your flesh is vulnerable to fire.
Your flesh is cold resistant.
You are immune to negative energy.
Your system is resistant to poisons.
You are immune to unholy pain and torment.
You can survive without breathing.


Message History

Casting: Call Imp
Confirm with . or Enter, or press ? or * to list all spells.
The gnoll hits you with a whip.
* * * LOW HITPOINT WARNING * * *
The gnoll hits your hound with a whip!
Your hound bites the gnoll.
The gnoll hits your hound with a whip.
Your hound barely misses the gnoll.
The gnoll barely misses your hound.
Your hound misses the gnoll. The gnoll hits your hound with a whip.
Your hound dies!
Your hound's corpse disappears in a puff of smoke!
The gnoll throws a throwing net.
The throwing net misses you.
The gnoll unwields an uncursed spear.
The gnoll drops an uncursed spear.
The gnoll picks up a spear.
The gnoll wields a spear.
You see here a throwing net.
The gnoll is no longer berserk.
The gnoll picks up a throwing net.
The gnoll throws a throwing net.
The throwing net misses you.
The gnoll throws a throwing net [torn].
The throwing net [torn] hits you!
You become entangled in the net!
You die...

# #.............# #.#
#
#.............#####.#
#
#!.............<....#
#
#............######.#
# #............# #.# #
#............# #.#
#########............#
#.#
........)..g....).<..#
#.#
....)....g..g...@..(.#
#.#
.........%.#########.#
#.# .#########.# #.#
#.# (# #.# #.# #.# .#
#.# #.# #.# .# #.# #.#
#.# .# #.# #.# #.# .#
#.# #.# #.# .# #.# #.#
#.#


You could see 3 gnolls.

Vanquished Creatures
  An adder (D:2)
  A worm (D:3)
  2 giant mites
  A ball python (D:2)
  5 goblins
  6 hobgoblins
  4 jackals
  8 bats
  8 kobolds
  7 rats
43 creatures vanquished.

Vanquished Creatures (collateral kills)
  A big kobold (Sewer)
  A big fish (Sewer)
  2 adders (D:2)
  5 gnolls (D:3)
  A giant mite (D:3)
  2 worms (D:2)
  2 grey rats
  2 ball pythons
  2 bats
  3 giant cockroaches (D:3)
  2 goblins
  A hobgoblin (D:2)
  2 jackals
  A kobold (Sewer)
  A quokka (D:3)
  6 rats
34 creatures vanquished.

Vanquished Creatures (others)
  3 crimson imps (D:3)
  3 hounds
  2 shadow imps
  A grey rat (D:1)
  A bat (D:1)
10 creatures vanquished.

Grand Total: 87 creatures vanquished

Notes
Turn   | Place    | Note
--------------------------------------------------------------
     0 | D:1      | Ololoev, the Mummy Summoner, began the quest for the Orb.
     0 | D:1      | Reached XP level 1. HP: 13/13 MP: 3/3
   884 | D:1      | Reached XP level 2. HP: 4/19 MP: 1/4
  1819 | D:2      | Learned a level 2 spell: Call Imp
  1940 | D:2      | Reached skill level 4 in Summonings
  2324 | D:2      | Reached XP level 3. HP: 3/24 MP: 3/6
  3984 | D:2      | Reached XP level 4. HP: 25/30 MP: 7/7
  4499 | D:3      | Found a glowing drain.
  4549 | Sewer    | Entered a sewer
  4741 | Sewer    | Reached skill level 5 in Summonings
  5014 | Sewer    | Learned a level 3 spell: Call Canine Familiar
  5162 | Sewer    | Noticed a big kobold
  5234 | Sewer    | Killed a big kobold
  5234 | Sewer    | Reached XP level 5. HP: 32/35 MP: 2/9
  5337 | Sewer    | Found a white marble altar of Elyvilon.
  5511 | D:3      | Found a shattered altar of Ashenzari.
  6449 | D:3      | Found a snail-covered altar of Cheibriados.
  7004 | D:3      | HP: 1/35 [gnoll/whip (2)]
  7016 | D:3      | Hit by a throwing net [torn] thrown by a gnoll

Action                   |  1- 3 |  4- 6 || total
-------------------------+-------+-------++-------
Melee: Dagger            |    43 |       ||    43
       Unarmed           |     6 |       ||     6
       Whip              |   157 |    71 ||   228
       Short sword       |       |    50 ||    50
       Halberd           |       |    27 ||    27
Throw: Dart              |    35 |    21 ||    56
 Cast: Summon Small Mamm |     9 |     1 ||    10
       Call Imp          |     8 |    24 ||    32
       Call Canine Famil |       |     6 ||     6
  Use: Scroll            |       |     8 ||     8
